 Dungeon Crawl Stone Soup version 0.22-a0-305-gd21a89c (webtiles) character file.

25955 zero the Unseen (level 12, -7/61 HPs)
             Began as a Spriggan Enchanter on Mar 31, 2018.
             Was a High Priest of Dithmenos.
             Engulfed by an ice statue's freezing vapour (13 damage)
             ... in an ice cave.
             The game lasted 00:37:23 (18714 turns).

zero the Unseen (Spriggan Enchanter)               Turns: 18714, Time: 00:37:24

Health: -7/61      AC:  5    Str:  4    XL:     12   Next: 94%
Magic:  22/22      EV: 32    Int: 17    God:    Dithmenos [*****.]
Gold:   1025       SH:  0    Dex: 23    Spells: 18/24 levels left

rFire    . . .     SeeInvis +   a - +3 dagger (elec)
rCold    . . .     Gourm    .   (shield restricted)
rNeg     . . .     Faith    .   F - +0 robe {Archmagi}
rPois    .         Spirit   .   (helmet restricted)
rElec    .         Reflect  .   H - +2 cloak of Good Intentions {SInv}
rCorr    .         Harm     .   (gloves unavailable)
MR       ++...                  (boots unavailable)
Stlth    +++++++++.             (no amulet)
HPRegen  0.20/turn              l - +2 ring of dexterity
MPRegen  0.18/turn              G - +4 ring of slaying

@: wreathed by umbra, studying Hexes, very quick
A: very small, unfitting armour, see invisible, herbivore, speed 3, slow
metabolism 2
a: Shadow Step, Shadow Form, Renounce Religion


You were in an ice cave.
You worshipped Dithmenos.
Dithmenos was extremely pleased with you.
You were not hungry.

You visited 4 branches of the dungeon, and saw 18 of its levels.
You also visited: Ice Cave.

You collected 1025 gold pieces.

Inventory:

Hand Weapons
 a - a +3 dagger of electrocution (weapon)
Armour
 y - a +0 buckler
 F - a +0 robe of the Archmagi (worn)
 H - the +2 cloak of Good Intentions (worn) {SInv}
   (You found it on level 2 of the Lair of Beasts)

   It lets you see invisible.
Jewellery
 h - an uncursed ring of magical power
 l - a +2 ring of dexterity (left hand)
 w - an uncursed ring of poison resistance
 C - a +3 ring of intelligence
 E - an uncursed ring of stealth
 G - a +4 ring of slaying (right hand)
Wands
 f - a wand of acid (8)
 i - a wand of digging (15)
 k - a wand of polymorph (13)
 s - a wand of paralysis (8)
 K - a wand of scattershot (8)
Scrolls
 b - a scroll of brand weapon
 e - 8 scrolls of teleportation
 g - 3 scrolls of amnesia
 p - 8 scrolls of remove curse
 r - a scroll of enchant armour
 B - 3 scrolls of identify
 D - 5 scrolls of blinking
Potions
 c - a potion of magic {unknown}
 j - 2 potions of haste
 m - 2 potions of flight
 n - 3 potions of might
 o - a potion of ambrosia
 q - 2 potions of brilliance
 t - 4 potions of curing
 u - a potion of invisibility
 v - 5 potions of mutation
 x - 2 potions of agility
 z - 5 potions of heal wounds
 A - 3 potions of lignification
 J - a potion of resistance {unknown}
Books
 I - a manual of Hexes
Comestibles
 d - 16 rations


   Skills:
 - Level 6.0 Fighting
 - Level 10.3 Short Blades
 + Level 13.4 Dodging
 - Level 15.0 Stealth
 + Level 3.6 Shields
 - Level 6.6 Spellcasting
 - Level 10.0 Hexes
 + Level 7.2 Invocations


You had 18 spell levels left.
You knew the following spells:

 Your Spells              Type           Power        Failure   Level  Hunger
a - Corona                Hex            ######.      1%          1    None
b - Ensorcelled Hibernat  Hex/Ice        ####..       2%          2    None
c - Confuse               Hex            ######..     1%          3    ##.....


Dungeon Overview and Level Annotations

Branches:
Dungeon (11/15)            Temple (1/1) D:5            Lair (5/6) D:9
  Swamp (0/4) Lair:2        Snake (0/4) Lair:3          Orc (1/2) D:10
  Slime: Lair:5-6

Altars:
Ashenzari
Cheibriados
Dithmenos
Elyvilon
Fedhas
Gozag
Hepliaklqana
Kikubaaqudgha
Makhleb
Nemelex Xobeh
Okawaru
Qazlal
Ru
Sif Muna
Trog
Uskayaw
Vehumet
Wu Jian
Xom
Yredelemnul
Zin
The Shining One

Annotations:
IceCv exclusion: 3 ice statues


Innate Abilities, Weirdness & Mutations

You are very small and have problems with some larger weapons.
You are too small for most types of armour.
You have supernaturally acute eyesight. (SInv)
You are a herbivore.
You cover ground extremely quickly.
You need to consume almost no food.


Message History

You hit the ice statue.
The ice statue is almost destroyed.
You are engulfed in freezing vapours.
The ice statue gestures. x2
Unknown command.
You hit the ice statue but do no damage.
The ice statue is almost destroyed.
You are engulfed in freezing vapours.
You hit the ice statue.
The ice statue is almost destroyed.
You are engulfed in freezing vapours.
You hit the ice statue but do no damage.
The ice statue is almost destroyed.
You are engulfed in freezing vapours.
* * * LOW HITPOINT WARNING * * *
You are engulfed in freezing vapours.
* * * LOW HITPOINT WARNING * * *
The ice statue gestures.
You are engulfed in freezing vapours.
You die...

###### #############
.....## ##..[..#8§...##
......###......#§§....##
.......#.......#§§.....#
.......#.......#@§§....#..
.∩..∩..................8u.
.......#.......#Y....Y.#..
.......#.......#.......#
......###.....[#......##
.....## ##..)..#8....##
###### #############


You could see 3 ice statues and 2 ice beasts.

Vanquished Creatures
  Gastronok (Lair:3)
  The ghost of Armakuni the Basher, a journeyman HuFi of Elyvilon (D:8)
  2 hydras
  A two-headed ogre (D:8)
  A death yak (D:10)
  An unseen horror (D:10)
  A wizard (D:10)
  Pikel (D:5)
  A necromancer (Lair:3)
  An ugly thing (IceCv)
  The ghost of mortelune the Grave Robber, a novice DDNe (D:6)
  2 black mambas
  A gargoyle (D:10)
  A centaur skeleton (D:10)
  6 spiny frogs
  2 rime drakes (Lair:1)
  5 komodo dragons
  Prince Ribbit (D:8)
  Grinder (D:3)
  5 blink frogs (Lair:2)
  6 hippogriffs
  7 yaks
  A wyvern (Lair:2)
  2 basilisks
  2 hungry ghosts
  14 water moccasins
  8 porcupines
  Duvessa (D:4)
  4 sky beasts
  2 black bears
  7 ice beasts
  5 orc warriors
  A necrophage (D:8)
  3 ogres
  A phantom (D:10)
  15 wolves
  5 centaurs
  5 crocodiles
  A big kobold (D:9)
  11 bullfrogs
  A gnoll sergeant (D:7)
  A scorpion (D:8)
  Dowan (D:4)
  8 killer bees (D:8)
  A bullfrog zombie (D:6)
  3 crimson imps
  A howler monkey (D:5)
  Crazy Yiuf (D:3)
  3 jellies
  15 orc wizards
  3 hounds
  7 orc priests
  A bullfrog skeleton (D:4)
  A hell rat (D:10)
  4 iguanas
  8 worker ants
  A polar bear simulacrum (Lair:3)
  4 yak simulacra (Lair:3)
  A killer bee zombie (D:9)
  2 wolf simulacra (Lair:3)
  2 hound skeletons
  A worker ant zombie (D:7)
  Robin (D:3)
  7 gnolls
  11 adders
  A river rat (D:9)
  A shadow imp (D:8)
  An ooze (D:2)
  2 adder skeletons
  2 worms
  4 leopard geckos
  51 orcs
  3 ball pythons
  5 giant cockroaches
  9 goblins
  17 hobgoblins
  8 jackals
  2 quokkas
  6 bats
  7 frilled lizards
  A jackal skeleton (D:4)
  13 kobolds
  A quokka skeleton (D:7)
  A quokka zombie (D:8)
  9 rats
  4 river rat simulacra (Lair:3)
374 creatures vanquished.

Vanquished Creatures (others)
  A black bear (D:11)
  A slave (D:6)
  5 fungi (Lair:5)
  10 plants (Lair:5)
17 creatures vanquished.

Grand Total: 391 creatures vanquished

Notes
Turn   | Place    | Note
-------+----------+-------------------------------------------
     0 | D:1      | zero the Spriggan Enchanter began the quest for the Orb.
     0 | D:1      | Reached XP level 1. HP: 9/9 MP: 5/5
   315 | D:1      | Reached XP level 2. HP: 11/13 MP: 4/6
   319 | D:1      | Learned a level 2 spell: Ensorcelled Hibernation
  1018 | D:1      | Reached XP level 3. HP: 16/16 MP: 2/8
  1049 | D:1      | Learned a level 3 spell: Confuse
  1147 | D:2      | Reached skill level 5 in Stealth
  1615 | D:2      | Reached skill level 6 in Stealth
  1615 | D:2      | Reached XP level 4. HP: 17/21 MP: 0/9
  2114 | D:4      | Reached skill level 7 in Stealth
  2381 | D:3      | Noticed Grinder
  2566 | D:4      | Noticed a bullfrog
  2577 | D:4      | Reached XP level 5. HP: 14/24 MP: 0/10
  2701 | D:3      | Reached skill level 8 in Stealth
  2866 | D:3      | Killed Grinder
  2866 | D:3      | Reached skill level 10 in Stealth
  2866 | D:3      | Reached XP level 6. HP: 14/28 MP: 8/11
  3143 | D:3      | Noticed Robin
  3153 | D:3      | Killed Robin
  3680 | D:3      | Found a runed door.
  3684 | D:3      | Noticed Crazy Yiuf
  3688 | D:3      | Killed Crazy Yiuf
  3761 | D:4      | Noticed Dowan
  3763 | D:4      | Noticed Duvessa
  4378 | D:4      | Killed Dowan
  4467 | D:4      | Reached skill level 5 in Hexes
  4467 | D:4      | Reached XP level 7. HP: 20/32 MP: 9/12
  4866 | D:4      | Killed Duvessa
  5207 | D:4      | Found a basalt altar of Yredelemnul.
  5325 | D:5      | Entered Level 5 of the Dungeon
  5412 | D:5      | Noticed Pikel
  5420 | D:5      | Killed Pikel
  5420 | D:5      | Reached XP level 8. HP: 12/36 MP: 6/13
  5695 | D:5      | Found a hazy altar of Hepliaklqana.
  5701 | D:5      | Reached skill level 1 in Fighting
  5993 | D:5      | Found a staircase to the Ecumenical Temple.
  6573 | Temple   | Entered the Ecumenical Temple
  6739 | Temple   | Became a worshipper of Dithmenos the Shadowed
  6952 | D:6      | Reached skill level 5 in Dodging
  7163 | D:6      | Noticed mortelune's ghost (novice DDNe)
  7311 | D:6      | Killed mortelune's ghost
  7311 | D:6      | Reached XP level 9. HP: 20/44 MP: 2/14
  7706 | D:6      | Found a white marble altar of Elyvilon.
  8077 | D:7      | Reached * piety under Dithmenos
  8649 | D:7      | Reached skill level 11 in Stealth
  8846 | D:7      | Reached skill level 5 in Short Blades
  9391 | D:8      | Reached ** piety under Dithmenos
  9391 | D:8      | Reached skill level 12 in Stealth
  9640 | D:8      | Noticed Prince Ribbit
  9641 | D:8      | Noticed a two-headed ogre
  9651 | D:8      | Killed Prince Ribbit
  9706 | D:8      | Reached XP level 10. HP: 31/49 MP: 3/15
  9723 | D:8      | Killed a two-headed ogre
  9960 | D:8      | Reached skill level 5 in Spellcasting
 10003 | D:8      | Found a burning altar of Makhleb.
 10390 | D:8      | Noticed Armakuni's ghost (journeyman HuFi)
 10563 | D:8      | Killed Armakuni's ghost
 10563 | D:8      | Reached skill level 5 in Fighting
 10815 | D:9      | Found a stormy altar of Qazlal.
 10823 | D:9      | Reached skill level 1 in Invocations
 10845 | D:9      | Noticed a death yak
 10846 | D:9      | Noticed a two-headed ogre
 10848 | D:9      | Found a staircase to the Lair.
 10848 | D:9      | Noticed a death yak
 10849 | D:9      | Noticed a death yak
 11086 | D:9      | Reached *** piety under Dithmenos
 11478 | D:9      | Found a shimmering altar of Xom.
 11723 | D:10     | Entered Level 10 of the Dungeon
 11799 | D:10     | Noticed an unseen horror
 12163 | D:10     | Noticed a wizard
 12187 | D:10     | Killed a wizard
 12187 | D:10     | Reached skill level 5 in Invocations
 12187 | D:10     | Reached XP level 11. HP: 5/56 MP: 20/21
 12283 | D:10     | Killed an unseen horror
 12594 | D:10     | Reached **** piety under Dithmenos
 12597 | D:10     | Found a staircase to the Orcish Mines.
 12642 | D:10     | Killed a death yak
 12645 | D:10     | Reached skill level 10 in Hexes
 13336 | Orc:1    | Entered Level 1 of the Orcish Mines
 13452 | Lair:1   | Entered Level 1 of the Lair of Beasts
 13536 | Lair:1   | Noticed a four-headed hydra
 13552 | Lair:1   | Killed a four-headed hydra
 13552 | Lair:1   | Reached skill level 10 in Short Blades
 13852 | Lair:1   | Reached skill level 13 in Stealth
 14320 | Lair:1   | You fall through a shaft!
 14320 | Lair:2   | Noticed a four-headed hydra
 14328 | Lair:2   | Killed a four-headed hydra
 14328 | Lair:2   | Reached skill level 10 in Dodging
 14348 | Lair:2   | Reached ***** piety under Dithmenos
 14468 | Lair:2   | Reached skill level 14 in Stealth
 14470 | Lair:2   | Reached XP level 12. HP: 54/61 MP: 22/22
 15129 | Lair:2   | Got a twisted cloak
 15140 | Lair:2   | Identified the +2 cloak of Good Intentions {SInv} (You found it on level 2 of the Lair of Beasts)
 15177 | Lair:2   | Found a staircase to the Swamp.
 15761 | Lair:2   | Reached skill level 15 in Stealth
 16191 | Lair:3   | Found a staircase to the Snake Pit.
 16266 | Lair:3   | Noticed Gastronok
 16965 | Lair:3   | Reached skill level 1 in Shields
 17090 | Lair:3   | Killed Gastronok
 18105 | Lair:5   | Identified a scroll of acquirement
 18348 | Lair:5   | HP: 2/61 [electric eel/bolt of electricity (9)]
 18634 | Lair:5   | Found a frozen archway.
 18643 | IceCv    | Entered an ice cave
 18714 | IceCv    | Engulfed by an ice statue's freezing vapour

Vault maps used:
D:1:      dpeg_arrival_short_road, minmay_pentomino_q2
D:2:      first_ration
D:3:      due_unseen_surprise, uniq_crazy_yiuf_cottage, uniq_robin, uniq_grinder
D:4:      kennysheep_mini_moat, uniq_duvessa
D:5:      nicolae_overflow_crystal_walls, minmay_temple_entry_mist, uniq_pikel
D:6:      black_bear_nest_1, elyvilon_altar_3
D:7:      grunt_ogre_cave
D:8:      makhleb_blood_cavern_becter, st_stairs_6, uniq_prince_ribbit1
D:9:      grunt_qazlal_sundering, lemuel_round_altar, dpeg_lair_monsters
D:10:     hiddenorc2_lemuel
Temple:   nicolae_temple_elliptical
Lair:1:   lightli_volcano_entry_magma_tube
Lair:2:   swamp_mist_pool
Lair:3:   dummy_snake_entry, eino_house_with_fridge, uniq_gastronok
Lair:5:   portal_ice_cave_entry_pillars_2, serial_forest,
          infiniplex_forest_clump_diagonal, infiniplex_forest_lined_3,
          infiniplex_forest_clump_small, infiniplex_forest_lined_corner,
          infiniplex_forest_lined_room_3, infiniplex_forest_clump_double,
          infiniplex_forest_end_1, serial_bayou_shore_b,
          infiniplex_staircase_pool
Orc:1:    enter_bailey_2
IceCv:    ice_cave_statue_garden_chambered

Skill      XL: |  1  2  3  4  5  6  7  8  9 10 11 12 |
---------------+-------------------------------------+-----
Short Blades   | 2 3 8 10 | 10.3
Stealth        | 6 7 10 12 14 15 | 15.0
Spellcasting   | 3 6 |  6.6
Hexes          | 5 9 10 | 10.0
Fighting       | 3 6 |  6.0
Dodging        | 7 8 10 13 | 13.4
Invocations    | 5 7 |  7.2
Shields        | 3 |  3.6

Action                   |  1- 3 |  4- 6 |  7- 9 | 10-12 || total
-------------------------+-------+-------+-------+-------++-------
Melee: Dagger            |   129 |   190 |   262 |   523 ||  1104
Throw: Stone             |    11 |       |       |       ||    11
 Cast: Corona            |     9 |       |       |     1 ||    10
       Ensorcelled Hiber |    19 |    34 |    65 |   136 ||   254
       Confuse           |       |     1 |    21 |    43 ||    65
Evoke: Wand              |       |       |     1 |     5 ||     6
  Use: Scroll            |       |     4 |    17 |     8 ||    29
 Stab: Sleeping          |    15 |    24 |    55 |   109 ||   203
       Confused          |       |     2 |     9 |    12 ||    23
       Distracted        |       |     2 |     1 |    14 ||    17
       Paralysed         |       |       |     1 |     2 ||     3
  Eat: Ration            |       |     4 |     4 |     6 ||    14
Armor: Robe              |     7 |    17 |    22 |    11 ||    57
Dodge: Dodged            |   123 |   160 |   236 |   489 ||  1008

Table legend:
 A = Spawn XP
 B = Non-spawn XP
 C = Spawn XP percentage of total XP
 D = Spawn monster count
 E = Non-spawn monster count
 F = Spawn count percentage of total count
 G = Total turns spent on level
                    A         B        C        D         E        F      G
               +---------+---------+-------+---------+---------+-------+---------
         Total |       0 |   37079 |   0.0 |       0 |     374 |   0.0 | 18714
               +---------+---------+-------+---------+---------+-------+---------
           D:1 |       0 |      29 |   0.0 |       0 |      19 |   0.0 |  1293
           D:2 |       0 |      96 |   0.0 |       0 |      27 |   0.0 |   701
           D:3 |       0 |     442 |   0.0 |       0 |      29 |   0.0 |  2322
           D:4 |       0 |     437 |   0.0 |       0 |      17 |   0.0 |  1009
           D:5 |       0 |     870 |   0.0 |       0 |       8 |   0.0 |  1351
           D:6 |       0 |     830 |   0.0 |       0 |      19 |   0.0 |  1217
           D:7 |       0 |    1586 |   0.0 |       0 |      33 |   0.0 |  1305
           D:8 |       0 |    4234 |   0.0 |       0 |      34 |   0.0 |  1260
           D:9 |       0 |    1038 |   0.0 |       0 |      28 |   0.0 |  1104
          D:10 |       0 |    5043 |   0.0 |       0 |      57 |   0.0 |  1685
        Lair:1 |       0 |    5865 |   0.0 |       0 |      25 |   0.0 |  1364
        Lair:2 |       0 |    5429 |   0.0 |       0 |      26 |   0.0 |  1433
        Lair:3 |       0 |    4293 |   0.0 |       0 |      20 |   0.0 |  1131
        Lair:4 |       0 |    3832 |   0.0 |       0 |      15 |   0.0 |   724
        Lair:5 |       0 |    1746 |   0.0 |       0 |      10 |   0.0 |   539
         IceCv |       0 |    1309 |   0.0 |       0 |       7 |   0.0 |    71
               +---------+---------+-------+---------+---------+-------+---------
